 Dungeon Crawl Stone Soup version 0.19-a0-1019-g9c6a58d (webtiles) character file.

8673 4thArraOfDagon the Carver (level 11, -1/82 HPs)
             Began as a Centaur Abyssal Knight on July 25, 2016.
             Was a Priest of Lugonu.
             Slain by a centaur (7 damage)
             ... on level 14 of the Dungeon.
             The game lasted 00:33:09 (7045 turns).

4thArraOfDagon the Carver (Centaur Abyssal Knight)  Turns: 7045, Time: 00:33:10

Health: -1/82      AC: -1    Str: 18    XL:     11   Next: 13%
Magic:  17/17      EV: 12    Int: 12    God:    Lugonu [***...]
Gold:   231        SH:  0    Dex: 20    Spells: 0 memorised, 10 levels left

rFire  . . .     SeeInvis .     d - +4 great sword "Marhiero" {venom, Str+3 Dex+4}
rCold  + . .     Gourm    +     R - +1 troll leather armour
rNeg   . . .     Faith    .     (shield currently unavailable)
rPois  +         Spirit   .     (no helmet)
rElec  .         Dismiss  .     D - +2 cloak {rPois}
rCorr  .         Reflect  .     h - +1 pair of gloves
SustAt .         Harm     .     J - +0 centaur barding
MR     .....     Rnd*Tele +     N - amulet of the gourmand
Stlth  +++.......               o - ring of protection from cold
                                Z - ring of teleportation (curse)

@: agile, about to teleport, corroded, very slightly contaminated, very quick,
not resistant to hostile enchantments, fairly stealthy
A: hooves 3, camouflage 1, deformed body, speed 2, tough skin 3
a: Depart the Abyss, Bend Space, Banish, Renounce Religion


You were on level 14 of the Dungeon.
You worshipped Lugonu.
Lugonu was most pleased with you.
You were completely stuffed.

You visited 1 branch of the dungeon, and saw 14 of its levels.
You visited the Abyss 1 time.
You also visited: Labyrinth.

You collected 557 gold pieces.
You spent 326 gold pieces at shops.

Inventory:

Hand Weapons
 a - a +1 falchion
 d - the +4 great sword "Marhiero" (weapon) {venom, Str+3 Dex+4}
   (You acquired it on level 13 of the Dungeon)

   It poisons the flesh of those it strikes.
   It affects your strength (+3).
   It affects your dexterity (+4).
 k - a +4 blowgun
 p - a +4 scimitar of slicing
 W - a +0 blowgun
Missiles
 l - 4 curare-tipped needles
 v - 2 javelins (quivered)
 z - a throwing net
Armour
 b - a +0 leather armour
 e - a +0 plate armour
 h - a +1 pair of gloves (worn)
 C - a +0 buckler
 D - a +2 cloak of poison resistance (worn)
 F - a +1 buckler of positive energy
 J - a +0 centaur barding (worn)
 M - a +1 plate armour of cold resistance
 P - a +1 cloak
 R - a +1 troll leather armour (worn)
Magical Staves
 Y - an uncursed staff of wizardry {!a}
Jewellery
 m - an uncursed ring of stealth
 o - a ring of protection from cold (right hand)
 K - a +2 ring of intelligence
 N - an amulet of the gourmand (around neck)
 Z - a cursed ring of teleportation (left hand)
Wands
 G - a wand of random effects (2/48)
 Q - a wand of flame (26/48)
 S - a wand of digging (15/24)
 X - a wand of flame (39/48)
Scrolls
 f - 3 scrolls of teleportation
 u - 2 scrolls of recharging
 y - 2 scrolls of enchant armour
Potions
 g - 2 potions of flight
 i - 2 potions of haste
 j - a potion of berserk rage
 n - a potion of might
 s - a potion of resistance
 w - 5 potions of brilliance
 H - a potion of curing
 I - a potion of magic {unknown}
 L - 2 potions of ambrosia
 O - a potion of agility
 U - a potion of cure mutation {unknown}
Miscellaneous
 V - a fan of gales
Comestibles
 c - 9 bread rations
 q - 4 fruits
 E - 2 meat rations


   Skills:
 - Level 3.1 Fighting
 * Level 11.7 Long Blades
 + Level 7.1 Armour
 - Level 0.6 Dodging
 + Level 8.3 Invocations


You had 10 spell levels left.
You didn't know any spells.

Dungeon Overview and Level Annotations

Branches:
Dungeon (14/15)            Temple (0/1) D:4
   Lair: D:8-11         Orc: D:9-12      Vaults: D:13-14

Altars:
Dithmenos
Trog
The Shining One

Shops:
D:4 ?   D:5 **(   D:6 [   D:9 *   D:10 }   D:12 [   D:14 [

Annotations:
D:5 Prince Ribbit, Sigmund
D:8 Erica, Joseph


Innate Abilities, Weirdness & Mutations

You have hooves in place of feet.
Armour fits poorly on your strangely shaped body.
You cover ground very quickly.
You have extremely tough skin. (AC +3)
Your skin changes colour to match your surroundings (Stealth+).


Message History

The centaur barely misses you.
A giant frog comes into view.
Unknown command.
A cyclops comes into view.
The centaur wields an uncursed shortbow.
The centaur shoots an arrow.
The arrow hits you!
* * * LOW HITPOINT WARNING * * *
The kobold demonologist casts a cantrip, but nothing happens.
There is an open door here.
Unknown command.
Unknown command.
Unknown command.
Unknown command.
As you read the scroll of teleportation, it crumbles to dust.
You feel strangely unstable.
The centaur shoots an arrow.
The arrow closely misses you.
Unknown command.
The centaur unwields an uncursed shortbow.
The centaur hits you!
You die...

.# ##'#...(.
..####'#.....
#............
#............
#.c.F.....
.cc...... .
#cKc..... ...
#c#
.....#@###.###
..............#
.....∩........#
..............#
..............#
..............#
......#.......C.
#########.#.####
...#


You could see a cyclops (sleeping), a kobold demonologist, a giant frog and 5
centaurs.

Vanquished Creatures
  Nessos (D:12)
  A centaur warrior (D:14)
  A cyclops (D:12)
  2 centaur zombies
  A yaktaur (shapeshifter) (D:13)
  2 kobold demonologists
  A wyvern (D:12)
  2 hippogriffs
  A water moccasin (D:10)
  An ice beast (D:10)
  An ogre (D:10)
  An orc warrior (D:9)
  8 centaurs
  A big kobold (D:12)
  5 giant frogs
  2 wyvern zombies
  A wyvern skeleton (D:9)
  10 wights
  A killer bee (D:11)
  2 crimson imps
  A giant frog zombie (D:8)
  4 hounds
  A giant frog skeleton (D:13)
  3 jellies
  2 orc wizards
  An iguana (D:11)
  6 worker ants
  3 hound skeletons
  2 howler monkey zombies
  A worker ant zombie (D:6)
  2 gnolls (D:6)
  8 adders
  5 river rats (D:8)
  2 shadow imps
  An ooze (D:3)
  An adder skeleton (D:7)
  2 worms (D:2)
  4 dart slugs
  9 orcs
  5 giant cockroaches
  8 hobgoblins
  3 jackals
  12 kobolds
  2 quokkas
  A ball python (D:3)
  17 bats
  7 giant newts
  9 goblins
  A quokka skeleton (D:8)
  14 rats
182 creatures vanquished.

Vanquished Creatures (others)
  A minotaur (Lab)
  A hill giant (D:10)
  A wolf spider zombie (D:12)
  An ugly thing (D:11)
  A shadow (D:12)
  A vampire (D:12)
  A hungry ghost (D:10)
  A mottled dragon (D:12)
  An ice beast (D:8)
  A wasp (D:11)
  3 killer bees (D:11)
13 creatures vanquished.

Grand Total: 195 creatures vanquished

Notes
Turn   | Place    | Note
-------+----------+-------------------------------------------
     0 | Abyss:1  | 4thArraOfDagon the Centaur Abyssal Knight began the quest for the Orb.
     0 | Abyss:1  | Reached XP level 1. HP: 19/19 MP: 2/2
    74 | Abyss:2  | Noticed a blink frog
    74 | Abyss:2  | Noticed a blink frog
    82 | Abyss:2  | Noticed a thrashing horror
    84 | D:1      | Escaped the Abyss
   110 | D:1      | Reached * piety under Lugonu
   110 | D:1      | Reached skill level 2 in Long Blades
   283 | D:3      | Reached XP level 2. HP: 26/26 MP: 3/3
   448 | D:3      | Reached XP level 3. HP: 14/31 MP: 4/4
   572 | D:4      | Found a staircase to the Ecumenical Temple.
   637 | D:4      | Found a shadowy altar of Dithmenos.
   656 | D:4      | Reached skill level 3 in Long Blades
   710 | D:5      | Entered Level 5 of the Dungeon
   711 | D:5      | Noticed an ogre
   723 | D:5      | Found Qumeij's Antique Weapon Shop.
   743 | D:5      | Noticed Sigmund
   747 | D:6      | Noticed a centaur
   776 | D:5      | Noticed Prince Ribbit
   807 | D:5      | Found Orghitooh's General Store.
   833 | D:5      | Bought a glowing scimitar for 116 gold pieces
   902 | D:4      | Found Fatzauk's Magic Scroll Shop.
  1082 | D:3      | Reached XP level 4. HP: 38/38 MP: 5/5
  1347 | D:2      | Reached ** piety under Lugonu
  2348 | D:4      | Reached XP level 5. HP: 41/45 MP: 6/6
  2567 | D:5      | Found Hidu's General Store.
  2600 | D:5      | Bought a potion of might for 56 gold pieces
  2642 | D:5      | Reached skill level 4 in Long Blades
  2861 | D:6      | Noticed a centaur
  2866 | D:6      | Killed a centaur
  2866 | D:6      | Reached skill level 5 in Long Blades
  2866 | D:6      | Reached XP level 6. HP: 34/51 MP: 7/7
  2882 | D:6      | Found a glowing golden altar of the Shining One.
  2935 | D:6      | Found Dogoteur's Antique Armour Shoppe.
  2966 | D:6      | Bought a glowing cloak for 67 gold pieces
  3092 | D:6      | Reached *** piety under Lugonu
  3181 | D:6      | Reached XP level 7. HP: 31/57 MP: 8/8
  3246 | D:7      | Reached skill level 6 in Long Blades
  3513 | D:8      | Noticed a wyvern
  3631 | D:8      | Noticed Joseph
  3698 | D:10     | Entered Level 10 of the Dungeon
  3698 | D:10     | Noticed a hungry ghost
  3850 | D:8      | Reached **** piety under Lugonu
  3991 | D:8      | Noticed Erica
  4044 | D:9      | Noticed a hippogriff
  4053 | D:9      | Killed a hippogriff
  4053 | D:9      | Reached skill level 7 in Long Blades
  4053 | D:9      | Reached XP level 8. HP: 57/63 MP: 9/9
  4228 | D:9      | Found a bloodstained altar of Trog.
  4266 | D:9      | You fall through a shaft for 2 floors!
  4267 | D:11     | (
  4373 | D:10     | Noticed a hill giant
  4374 | D:10     | Banished a hill giant
  4374 | D:10     | Reached skill level 8 in Long Blades
  4599 | D:10     | Reached skill level 5 in Armour
  4599 | D:10     | Reached XP level 9. HP: 55/69 MP: 12/12
  4699 | D:10     | Noticed a hill giant
  4700 | D:10     | Banished a hill giant
  4700 | D:10     | Reached skill level 5 in Invocations
  4725 | D:10     | Reached skill level 9 in Long Blades
  4763 | D:10     | Noticed a purple ugly thing
  4838 | D:10     | Found Uredac's Gadget Shoppe.
  4840 | D:10     | :O
  5093 | D:10     | Banished a purple ugly thing
  5203 | D:9      | Found Juvich's Assorted Antiques.
  5263 | D:9      | Bought a scroll labeled JOMOVI ZETAULL for 30 gold pieces
  5263 | D:9      | Bought a murky blue potion for 27 gold pieces
  5263 | D:9      | Bought a scroll labeled XOGEZX TOJIQEGG for 30 gold pieces
  5682 | D:11     | Noticed a red ugly thing
  5682 | D:11     | Banished a red ugly thing
  5716 | D:11     | Reached skill level 10 in Long Blades
  5732 | D:11     | HP: 2/69 [killer bee (7)]
  5912 | D:12     | Reached XP level 10. HP: 72/77 MP: 14/14
  5926 | D:12     | Found Lapp's Armour Emporium.
  5927 | D:12     | Noticed a cyclops
  5968 | D:12     | Killed a cyclops
  6057 | D:12     | Noticed Nessos
  6120 | D:12     | Killed Nessos
  6266 | D:12     | Reached skill level 11 in Long Blades
  6504 | D:13     | Gained mutation: Your skin changes colour to match your surroundings (Stealth+). [mutagenic meat]
  6591 | D:13     | Found a labyrinth entrance.
  6597 | Lab      | Entered a labyrinth
  6777 | Lab      | Noticed a minotaur
  6778 | Lab      | Banished a minotaur
  6790 | Lab      | :(
  6791 | Lab      | Identified the Disquisition on the Harmful Glacier (You found it in a labyrinth)
  6838 | D:13     | Identified a scroll of acquirement
  6839 | D:13     | Got a polished great sword
  6845 | D:13     | Identified the +4 great sword "Marhiero" {venom, Str+3 Dex+4} (You acquired it on level 13 of the Dungeon)
  6846 | D:13     | :(
  6846 | D:13     | 4thArraOfDagon: :(
  6913 | D:14     | Noticed a centaur warrior
  6930 | D:14     | Killed a centaur warrior
  6930 | D:14     | Reached XP level 11. HP: 31/82 MP: 15/17
  7024 | D:14     | Noticed a griffon
  7037 | D:14     | HP: 4/82 [centaur/arrow (12)]
  7040 | D:14     | Found Eho Osiffe's Antique Armour Shop.
  7040 | D:14     | HP: 1/82 [centaur (8)]
  7045 | D:14     | Slain by a centaur

Vault maps used:
D:1:      minmay_arrival_five_plusses
D:4:      grunt_dithmenos_smoke, serial_shops, shop
D:5:      serial_shops, shop, shop, shop_fountains, shop, first_bread,
          hangedman_decor_growths, uniq_prince_ribbit1, uniq_sigmund
D:6:      serial_shops, shop, nicolae_tso_carved_into_rock
D:7:      the_bakery
D:8:      grunt_lair_entry_orc_guard_hut, hangedman_decor_push, uniq_joseph,
          uniq_erica
D:9:      basic_altar, serial_shops, kennysheep_little_box, lemuel_centaur_altar
D:10:     serial_shops, nicolae_shop_statue_plus, st_stairs_13,
          nicolae_underground_beach
D:11:     minmay_stone_box, st_stairs_14
D:12:     hiddenorc1_lemuel, serial_shops, nicolae_shop_statue_plus, shop,
          uniq_nessos
D:13:     lightli_vaults_fourway_checkpoint, lab_entry_generic,
          serial_co_window_serial, co_window_paths_a, co_window_corner_a,
          co_window_paths_b, co_window_corner_a, co_window_of_opportunity_a,
          co_window_corner_a, co_window_corner_a, co_window_broadway_c,
          co_window_broadway_a, co_window_corner_cb, co_window_unsneaky_path_d,
          co_window_2corner, glass_columns_b, minivault_23
D:14:     serial_shops, shop, minmay_gold_behind_fungi
Lab:      labyrinth_spiral

Skill      XL: |  1  2  3  4  5  6  7  8  9 10 11 |
---------------+----------------------------------+-----
Long Blades    | 2 3 5 7 8 10 11 | 11.7
Armour         | 2 3 4 5 6 7 |  7.1
Invocations    | 4 6 8 |  8.3
Fighting       | |  3.1
Dodging        | |  0.6

Action                   |  1- 3 |  4- 6 |  7- 9 | 10-12 || total
-------------------------+-------+-------+-------+-------++-------
Melee: Falchion          |    75 |       |       |       ||    75
       Kick              |    15 |    32 |    58 |    38 ||   143
       Scimitar          |    23 |   201 |   338 |   103 ||   665
       Flail             |    19 |       |       |       ||    19
       Great sword       |       |       |       |    51 ||    51
Throw: Javelin           |       |       |     8 |       ||     8
Invok: Depart the Abyss  |     1 |       |       |       ||     1
       Banish            |       |       |    12 |     6 ||    18
Evoke: Wand              |       |       |    10 |     3 ||    13
  Use: Scroll            |    10 |     2 |     7 |    15 ||    34
       Potion            |     3 |       |     1 |     5 ||     9
  Eat: Chunk             |       |     5 |    12 |     9 ||    26
       Fruit             |       |     4 |       |       ||     4
       Royal jelly       |       |     1 |       |       ||     1
       Beef jerky        |       |       |     1 |       ||     1
Armor: Plate armour      |    84 |   172 |   317 |    62 ||   635
       Leather armour    |     4 |       |       |       ||     4
       Skin              |       |       |       |    33 ||    33
       Troll leather arm |       |       |       |    29 ||    29
Dodge: Dodged            |    15 |    24 |    38 |    31 ||   108
